 Dungeon Crawl Stone Soup version 0.26-a0-154-g3d63440f56 (webtiles) character file.

Game seed: 9236757516999727956

126961 tilp the Unseen (level 16, -3/85 HPs)
             Began as a Spriggan Enchanter on June 30, 2020.
             Was the Champion of Ru.
             Slain by an eight-headed hydra (8 damage)
             ... on level 4 of the Swamp on July 1, 2020.
             The game lasted 01:57:18 (44481 turns).

tilp the Unseen (Spriggan Enchanter)               Turns: 44481, Time: 01:57:19

Health: -3/85      AC: 10    Str:  4    XL:     16   Next: 45%
Magic:  24/31      EV: 23    Int: 22    God:    Ru [******]
Gold:   2808       SH:  7    Dex: 18    Spells: 21/35 levels left

rFire    . . .     SeeInvis +   a - +3 dagger (freeze)
rCold    . . .     Faith    .   T - +0 buckler {rPois}
rNeg     . . .     Spirit   .   I - +0 swamp dragon scales
rPois    +         Reflect  .   (helmet restricted)
rElec    .         Harm     .   F - +2 cloak
rCorr    .                      (gloves unavailable)
MR       ++...                  (boots unavailable)
Stlth    +++++++...             (no amulet)
HPRegen  0.24/turn              z - +4 ring of evasion
MPRegen  0.22/turn              G - +4 ring of evasion

@: lethally poisoned (-3 -> -4), very quick
A: very small, unfitting armour, see invisible, herbivore, speed 3, slow
metabolism 2, inability to use devices, hated by all, no earth magic, no
necromancy magic, no translocations magic, reduced EV 1, unskilled 1
a: Draw Out Power, Power Leap, Apocalypse, Renounce Religion


You were on level 4 of the Swamp.
You worshipped Ru.
Ru was exalted by your worship.
You were not hungry.

You visited 4 branches of the dungeon, and saw 27 of its levels.
You also visited: Ice Cave.

You collected 3348 gold pieces.
You spent 540 gold pieces at shops.

Inventory:

Hand Weapons
 a - a +3 dagger of freezing (weapon)
 b - a +2 scimitar of flaming
 K - a +6 quick blade
Missiles
 w - 52 poisoned darts
 y - 3 throwing nets
 M - 17 curare-tipped darts (quivered)
Armour
 F - a +2 cloak (worn)
 H - a +2 robe of cold resistance
 I - +0 swamp dragon scales (worn)
 J - a +2 robe of fire resistance
 T - a +0 buckler of poison resistance (worn)
Jewellery
 j - a +6 ring of intelligence
 n - an uncursed amulet of guardian spirit
 x - an uncursed ring of resist corrosion
 z - a +4 ring of evasion (left hand)
 D - the ring of Activism {+Inv rElec MP+9 Stlth+}
   (You found it on level 1 of the Swamp)

   [ring of stealth]

   It insulates you from electricity.
   It affects your magic capacity (+9).
   It lets you turn invisible.
   It makes you more stealthy.
 G - a +4 ring of evasion (right hand)
 L - the ring "Dialefik" {EV-4 Slay+5}
   (You found it on level 3 of the Lair of Beasts)

   [ring of evasion]

   It affects your evasion (-4).
   It affects your accuracy and damage with ranged weapons and melee attacks
   (+5).
 N - an uncursed ring of positive energy
 R - an uncursed ring of ice
 S - a +4 ring of protection {unknown}
 U - an uncursed amulet of regeneration {unknown}
 V - an uncursed ring of poison resistance {unknown}
Scrolls
 d - 5 scrolls of fear
 e - 6 scrolls of enchant weapon
 g - 7 scrolls of remove curse
 k - 7 scrolls of teleportation
 r - 3 scrolls of immolation
 u - 6 scrolls of magic mapping
 E - 5 scrolls of amnesia
 O - a scroll of fog
 P - 3 scrolls of blinking
 Q - 8 scrolls of identify
Potions
 f - 4 potions of heal wounds
 h - 8 potions of stabbing
 i - 5 potions of ambrosia
 l - 7 potions of curing
 m - 3 potions of brilliance
 o - 6 potions of mutation
 p - 5 potions of haste
 q - a potion of cancellation
 s - 3 potions of magic
 t - 2 potions of might
 v - 3 potions of invisibility
 A - 5 potions of flight
 B - a potion of berserk rage
 C - 4 potions of lignification
Comestibles
 c - 36 rations


   Skills:
 - Level 10.0 Fighting
 - Level 15.0 Short Blades
 - Level 15.0 Dodging
 - Level 20.0 Stealth
 - Level 4.0 Shields
 - Level 10.0 Spellcasting
 + Level 13.2 Hexes


You had 21 spell levels left.
You knew the following spells:

 Your Spells              Type           Power        Failure   Level  Hunger
a - Corona                Hex            ######.      1%          1    None
b - Ensorcelled Hibernat  Hex/Ice        #####.       4%          2    None
c - Confusing Touch       Hex            ######..     1%          3    None
d - Tukima's Dance        Hex            ######..     1%          3    None
e - Dazzling Flash        Conj/Hex       #####.       10%         3    None
f - Swiftness             Chrm/Air       ##......     56%         2    None

Your spell library contained the following spells:

 Spells                   Type           Power        Failure   Level  Hunger
 Inner Flame              Hex/Fire       #####...     10%         3    None
 Spectral Weapon          Hex/Chrm       #####...     10%         3    None
 Foxfire                  Conj/Fire      ##..         43%         1    None
 Freeze                   Ice            ##..         43%         1    None
 Infusion                 Chrm           ##..         43%         1    None
 Shock                    Conj/Air       ##..         43%         1    None
 Sting                    Tmut/Pois      ##..         43%         1    None
 Poisonous Vapours        Pois/Air       ##....       56%         2    None
 Song of Slaying          Chrm           ##......     56%         2    None
 Conjure Flame            Conj/Fire      ##......     80%         3    None
 Ignite Poison            Fire/Tmut/Pois ##......     80%         3    None
 Mephitic Cloud           Conj/Pois/Air  ##......     80%         3    None
 Ozocubu's Armour         Chrm/Ice       ##......     80%         3    None
 Static Discharge         Conj/Air       ##......     80%         3    None
 Airstrike                Air            ##........   99%         4    ##.....
 Olgreb's Toxic Radiance  Pois           ##......     99%         4    ##.....
 Sticky Flame             Conj/Fire      ##......     99%         4    ##.....
 Fireball                 Conj/Fire      ##........   100%        5    ####...
 Iskenderun's Battlesphe  Conj/Chrm      ##......     100%        5    ####...
 Lightning Bolt           Conj/Air       ##........   100%        5    ####...
 Freezing Cloud           Conj/Ice/Air   ##........   100%        6    ######.
 Ring of Flames           Chrm/Fire      ##........   100%        7    #######
 Animate Skeleton         Necr           Unusable     N/A         1    N/A
 Pain                     Necr           Unusable     N/A         1    N/A
 Shroud of Golubria       Chrm/Tloc      Unusable     N/A         2    N/A
 Vampiric Draining        Necr           Unusable     N/A         3    N/A
 Animate Dead             Necr           Unusable     N/A         4    N/A
 Agony                    Necr           Unusable     N/A         5    N/A

Dungeon Overview and Level Annotations

Branches:
Dungeon (15/15)            Temple (0/1) D:6            Lair (6/6) D:10
  Swamp (4/4) Lair:4       Spider (0/4) Lair:2        Slime (0/5) Lair:6
    Orc (2/2) D:12            Elf (0/3) Orc:2        Vaults (0/5) D:13
 Depths (0/5) D:15          IceCv (visited)

Altars:
Elyvilon
Fedhas
Gozag
Makhleb
Nemelex Xobeh
Okawaru
Qazlal
Ru
Uskayaw
Vehumet
Wu Jian
Yredelemnul
Zin
Beogh
Jiyva

Shops:
D:6 *   D:10 !   D:11 *   Orc:1 (   Orc:2 *([:

Annotations:
D:15 Roxanne
Lair:5 exclusion: 2 oklob plants
Lair:6 catoblepas in lair
Swamp:4 Lernaean hydra


Innate Abilities, Weirdness & Mutations

You are very small and have problems with some larger weapons.
You are too small for most types of armour.
You have supernaturally acute eyesight. (SInv)
You are a herbivore.
You cover ground extremely quickly.
You need to consume almost no food.
You cannot study or use magical devices.
You are hated by all.
You cannot study or cast Earth magic.
You cannot study or cast Necromancy magic.
You cannot study or cast Translocations magic.
You have somewhat slow reflexes. (EV -5)
You are somewhat unskilled. (-1 Apt)


Message History

* * * LOW HITPOINT WARNING * * *
The eight-headed hydra bites you!
* * * LOW HITPOINT WARNING * * *
The eight-headed hydra completely misses you.
The eight-headed hydra bites you!
* * * LOW HITPOINT WARNING * * *
The eight-headed hydra bites you but does no damage.
You hit the eight-headed hydra but do no damage.
The eight-headed hydra appears confused.
Unknown command.
You strike the helpless eight-headed hydra from behind!
You perforate the eight-headed hydra like a sieve!!!
You freeze the eight-headed hydra!
The eight-headed hydra is almost dead.
The eight-headed hydra barely misses you.
You block the eight-headed hydra's attack. x2
The eight-headed hydra bites you but does no damage.
You block the eight-headed hydra's attack.
The eight-headed hydra bites you!
You die...

#..≈.#.P..#.....#≈≈≈≈≈≈.♣ ♣
.'.8..#.D8%'....##≈≈≈≈≈≈.♣ ♣
#D#...###.≈.#'####≈≈≈≈≈≈≈.♣♣♣♣♣
....(≈ #.≈(.....≈#≈.≈≈≈≈≈.♣♣...
(≈(.≈ #≈..[.8≈8..≈♣.≈≈≈≈≈..≈≈≈
#.≈....≈P....♣.≈≈≈≈≈.≈≈≈
#⌠≈..#..≈.#....≈≈≈≈....^
##)#†###D.......≈≈§†..<♣
#⌠...#.@.≈#.≈.≈♣.≈≈♣..≈♣
#≈≈...≈P.P.≈≈..≈.♣♣♣≈§.♣
#.≈.(.(.(..≈♣♣♣♣♣..)♣♣♣♣
....(≈≈.§.≈#≈♣≈...≈.≈≈♣
...#....#.##..≈≈≈≈≈≈≈≈..♣
8.≈#..8..≈≈..##≈≈≈≈≈≈..♣♣♣♣ ..
#..§.#.....#≈≈≈≈≈≈≈.≈≈.♣
...(≈#........≈≈≈≈≈.≈≈.♣
≈..≈.≈≈≈.♣.≈.≈


You could see an eight-headed hydra (confused).

Vanquished Creatures
  Jorgrun (D:13)
  Kirke (Lair:5)
  Agnes (D:14)
  An orc warlord (Orc:2)
  Nessos (Lair:5)
  4 vault guards (D:13)
  Erolcha (Orc:1)
  Fannar (D:11)
  2 ice dragons (D:15)
  19 hydras
  4 shambling mangroves
  Erica (D:11)
  A catoblepas (Lair:6)
  The ghost of tilp the Unseen, a journeyman SpEn of Ru (Lair:3)
  2 centaur warriors (D:15)
  5 two-headed ogres
  6 alligators
  2 ogre magi
  4 death yaks (Lair:6)
  An orc high priest (Orc:2)
  Sonja (Lair:4)
  2 unseen horrors (D:11)
  9 swamp dragons
  A wolf spider zombie (D:15)
  5 orc knights
  2 orc sorcerers (Orc:2)
  3 manticores
  28 ugly things
  6 cyclopes
  4 elephants (Lair:6)
  A guardian serpent (D:9)
  Maurice (D:13)
  7 black mambas
  A gargoyle (D:12)
  An efreet (D:14)
  19 spiny frogs
  The ghost of Restia the Cutter, a novice DsMo of Dithmenos (D:7)
  2 rime drakes
  3 kobold demonologists
  A freezing wraith (D:15)
  5 komodo dragons
  3 tengu conjurers (D:15)
  5 trolls
  14 bog bodies
  9 tyrant leeches
  18 blink frogs
  2 dream sheep (D:9)
  13 hornets
  17 slime creatures
  6 hippogriffs
  3 shadows
  The ghost of mbyx9jk2 the Skirmisher, an amateur VSCj (D:4)
  3 spriggans
  Sigmund (D:4)
  28 yaks
  A water elemental (D:12)
  A basilisk (shapeshifter) (D:15)
  2 wyverns
  2 basilisks
  Grum (D:11)
  3 wraiths
  2 steam dragons (D:8)
  A hog (Lair:5)
  2 hungry ghosts
  Menkaure (D:5)
  17 vampire mosquitoes
  15 insubstantial wisps
  15 swamp worms
  Edmund (D:5)
  A soldier ant (D:12)
  An acid dragon (D:11)
  15 water moccasins
  7 porcupines
  2 black bears
  35 orc warriors
  9 ice beasts
  6 sky beasts
  13 swamp drakes
  An eye of draining (D:9)
  10 wolves
  A necrophage (D:12)
  2 phantoms
  14 ogres
  8 crocodiles
  14 centaurs
  9 big kobolds
  16 bullfrogs
  2 gnoll sergeants
  A wyvern skeleton (D:4)
  2 scorpions
  13 killer bees
  3 wights (D:3)
  3 howler monkeys
  4 electric eels
  4 centaur zombies
  5 crimson imps
  3 bullfrog zombies
  2 quasits (D:10)
  A jelly (D:11)
  6 hounds
  16 orc priests
  5 centaur skeletons
  A bullfrog skeleton (D:4)
  A gnoll shaman (D:6)
  27 orc wizards
  Ijyb (D:3)
  5 iguanas
  13 worker ants
  A hound zombie (D:10)
  2 hound skeletons
  2 howler monkey zombies
  A worker ant zombie (D:6)
  14 gnolls
  A howler monkey skeleton (D:6)
  15 adders
  4 shadow imps
  An ooze (D:6)
  4 adder zombies
  3 adder skeletons
  2 worms
  4 dart slugs
  10 leopard geckos
  107 orcs
  8 giant cockroaches
  15 hobgoblins
  12 jackals
  6 quokkas
  A ball python (D:5)
  11 bats
  6 frilled lizards
  17 goblins
  A jackal skeleton (D:6)
  40 kobolds
  9 rats
  A plant (Lair:6)
929 creatures vanquished.

Vanquished Creatures (others)
  A hydra (Swamp:4)
  A hog (Lair:5)
  A human (Lair:5)
  An orc (D:15)
  A bush (Swamp:4)
  18 fungi
  23 plants
46 creatures vanquished.

Grand Total: 975 creatures vanquished

Notes
Turn   | Place    | Note
-------+----------+-------------------------------------------
     0 | D:1      | tilp the Spriggan Enchanter began the quest for the Orb.
     0 | D:1      | Reached XP level 1. HP: 9/9 MP: 5/5
   213 | D:1      | Reached XP level 2. HP: 12/13 MP: 4/7
   217 | D:1      | Learned a level 2 spell: Ensorcelled Hibernation
   449 | D:1      | Reached skill level 5 in Stealth
   680 | D:1      | Reached XP level 3. HP: 14/16 MP: 5/8
  1493 | D:1      | Learned a level 3 spell: Confusing Touch
  1497 | D:1      | Learned a level 3 spell: Tukima's Dance
  1547 | D:2      | Noticed an ogre
  2059 | D:2      | Killed an ogre
  2059 | D:2      | Reached skill level 6 in Stealth
  2059 | D:2      | Reached XP level 4. HP: 2/21 MP: 3/11
  2344 | D:2      | Reached XP level 5. HP: 21/24 MP: 5/12
  2727 | D:2      | Learned a level 3 spell: Dazzling Flash
  3202 | D:3      | Noticed Ijyb
  3207 | D:3      | Killed Ijyb
  3249 | D:3      | You fall into a shaft and drop 2 floors!
  3249 | D:5      | Entered Level 5 of the Dungeon
  3250 | D:5      | Noticed an ogre
  3268 | D:5      | Noticed Menkaure
  3317 | D:4      | Reached skill level 9 in Stealth
  3317 | D:4      | Reached XP level 6. HP: 32/32 MP: 13/17
  3367 | D:4      | Noticed Sigmund
  3522 | D:4      | Reached XP level 7. HP: 36/36 MP: 11/18
  3604 | D:4      | Found a transporter.
  3604 | D:4      | Noticed mbyx9jk2's ghost (amateur VSCj)
  3609 | D:4      | Found a transporter.
  3915 | D:3      | Reached skill level 10 in Stealth
  4398 | D:3      | Found a white marble altar of Elyvilon.
  4398 | D:3      | Found a sacrificial altar of Ru.
  4554 | D:3      | Became a worshipper of Ru the Awakened
  4667 | D:3      | Found an iron altar of Okawaru.
  5638 | D:4      | Killed Sigmund
  5638 | D:4      | Reached skill level 11 in Stealth
  5638 | D:4      | Reached XP level 8. HP: 40/40 MP: 19/19
  5940 | D:5      | Noticed Edmund
  5948 | D:5      | Found a blossoming altar of Fedhas.
  5949 | D:5      | Killed Edmund
  6109 | D:5      | Found a stormy altar of Qazlal.
  6319 | D:5      | Gained mutation: You cannot study or use magical devices.
                  | [Ru sacrifice]
  6319 | D:5      | Reached * piety under Ru
  6319 | D:5      | Reached ** piety under Ru
  6331 | D:5      | Found a glowing silver altar of Zin.
  6449 | D:5      | Killed Menkaure
  6811 | D:6      | Reached skill level 12 in Stealth
  7375 | D:6      | Reached XP level 9. HP: 44/44 MP: 15/20
  7864 | D:6      | Found a staircase to the Ecumenical Temple.
  8216 | D:6      | Found Qojociti's General Store.
  9057 | D:7      | Found a runed translucent door.
  9057 | D:7      | Noticed Restia's ghost (novice DsMo)
  9694 | D:7      | Gained mutation: You have somewhat slow reflexes. (EV -5)
                  | [Ru sacrifice]
  9694 | D:7      | Reached *** piety under Ru
 10289 | D:8      | Noticed a troll
 10290 | D:8      | Reached skill level 1 in Shields
 10450 | D:8      | Found an ornate altar of the Wu Jian Council.
 10450 | D:8      | Noticed a two-headed ogre
 10467 | D:8      | Killed a two-headed ogre
 10467 | D:8      | Reached XP level 10. HP: 28/49 MP: 15/22
 12487 | D:9      | Gained mutation: You are somewhat unskilled. (-1 Apt) [Ru
                  | sacrifice]
 12487 | D:9      | Reduced skill Stealth to level 11
 12487 | D:9      | Reached **** piety under Ru
 12487 | D:9      | Reached ***** piety under Ru
 12533 | D:9      | Reached skill level 12 in Stealth
 12558 | D:9      | Found a burning altar of Makhleb.
 12559 | D:9      | Found a basalt altar of Yredelemnul.
 12589 | D:9      | Found a hide-covered altar of Uskayaw.
 12592 | D:9      | Noticed a +0 hand axe
 12592 | D:9      | Noticed a -3 hand axe
 12702 | D:9      | Noticed a guardian serpent
 12705 | D:9      | Killed a guardian serpent
 13474 | D:9      | Noticed a two-headed hydra
 13575 | D:9      | Killed a two-headed hydra
 13575 | D:9      | Reached XP level 11. HP: 48/53 MP: 12/22
 13977 | D:9      | Learned a level 2 spell: Swiftness
 13995 | D:10     | Entered Level 10 of the Dungeon
 14499 | D:10     | Found a staircase to the Lair.
 14861 | D:10     | Found Wexaigo's Distillery.
 14892 | D:11     | Noticed a two-headed ogre
 15024 | D:11     | Noticed Grum
 15102 | D:11     | Noticed an unseen horror
 15194 | D:11     | Killed an unseen horror
 15263 | D:11     | Reached skill level 10 in Short Blades
 15296 | D:10     | Killed a two-headed ogre
 15352 | D:10     | Reached skill level 5 in Fighting
 15380 | D:10     | Reached skill level 13 in Stealth
 15831 | D:11     | Noticed Erica
 15890 | D:11     | Found Jateebbo's General Store.
 15948 | D:11     | Bought a scroll of identify for 30 gold pieces
 16164 | D:11     | Killed Grum
 16320 | D:11     | Noticed Fannar
 16733 | D:11     | Killed Fannar
 16733 | D:11     | Reached XP level 12. HP: 51/60 MP: 21/23
 17132 | D:11     | Killed Erica
 17132 | D:11     | Reached skill level 10 in Dodging
 17132 | D:11     | Reached skill level 10 in Hexes
 17284 | Lair:1   | Entered Level 1 of the Lair of Beasts
 17290 | Lair:1   | You fall into a shaft and drop 1 floor!
 18243 | Lair:2   | Found a hole to the Spider Nest.
 18310 | Lair:2   | Reached skill level 14 in Stealth
 18430 | Lair:2   | Noticed a six-headed hydra
 18460 | Lair:2   | Killed a six-headed hydra
 18749 | Lair:2   | Noticed a seven-headed hydra
 18753 | Lair:2   | Killed a seven-headed hydra
 19119 | Lair:2   | Found an opulent altar of Gozag.
 19740 | Lair:3   | Got a translucent golden ring
 19992 | Lair:3   | Noticed a four-headed hydra
 20032 | Lair:3   | Killed a four-headed hydra
 20032 | Lair:3   | Reached skill level 15 in Stealth
 20169 | Lair:3   | Found a runed translucent gate.
 20169 | Lair:3   | Found a runed translucent gate.
 20169 | Lair:3   | Found a runed translucent gate.
 20221 | Lair:3   | Noticed tilp's ghost (journeyman SpEn)
 20567 | Lair:4   | Reached XP level 13. HP: 65/65 MP: 24/24
 20699 | Lair:4   | Noticed Sonja
 20739 | Lair:4   | Killed Sonja
 20950 | Lair:4   | Found a staircase to the Swamp.
 21782 | Lair:5   | Identified the cursed ring "Dialefik" {EV-4 Slay+5} (You
                  | found it on level 3 of the Lair of Beasts)
 21827 | Lair:5   | Noticed Nessos
 21998 | Lair:5   | Noticed Kirke
 22588 | Lair:5   | Killed Kirke
 22871 | Lair:5   | Killed Nessos
 22929 | Lair:6   | Entered Level 6 of the Lair of Beasts
 23365 | Lair:6   | Reached skill level 15 in Dodging
 24081 | Lair:6   | Found a viscous altar of Jiyva.
 24083 | Lair:6   | Found a staircase to the Slime Pits.
 24712 | Lair:6   | Reached skill level 15 in Short Blades
 25201 | D:4      | Killed mbyx9jk2's ghost
 25332 | D:7      | Killed Restia's ghost
 25332 | D:7      | Reached XP level 14. HP: 70/70 MP: 22/25
 25487 | Lair:3   | Killed tilp's ghost
 27153 | D:12     | Found a staircase to the Orcish Mines.
 27537 | Orc:1    | Entered Level 1 of the Orcish Mines
 27952 | Orc:1    | Noticed Erolcha
 27965 | Orc:1    | Killed Erolcha
 28190 | Orc:1    | Found Jisiba Ughe's Weapon Shoppe.
 28360 | Orc:2    | Entered Level 2 of the Orcish Mines
 28363 | Orc:2    | Reached skill level 16 in Stealth
 28686 | Orc:2    | Found a staircase to the Elven Halls.
 29341 | Orc:2    | Found a radiant altar of Vehumet.
 30013 | Orc:2    | Noticed an orc warlord
 30051 | Orc:2    | Killed an orc warlord
 30174 | Orc:2    | Found a roughly hewn altar of Beogh.
 30295 | Orc:2    | Found Sofynn's Antique Weapon Shop.
 30423 | Orc:2    | Found Sazyojiz's Book Shop.
 30438 | Orc:2    | Found Xaimpais's Antique Armour Shop.
 30454 | Orc:2    | Found Jaidd's General Store.
 30580 | Orc:2    | Bought a steaming cloak for 285 gold pieces
 30580 | Orc:2    | Bought a shiny buckler for 225 gold pieces
 30593 | Orc:2    | Identified the +1 cloak of Nemelex Xobeh's Regard {-Cast
                  | -Tele SInv Stlth+} (You bought it in a shop on level 2 of
                  | the Orcish Mines)
 30697 | D:13     | Found a frozen archway.
 30722 | IceCv    | Entered an ice cave
 30726 | IceCv    | Found a transporter.
 30852 | IceCv    | Found a transporter.
 30918 | D:13     | Noticed Jorgrun
 30958 | D:13     | Killed Jorgrun
 30958 | D:13     | Reached skill level 17 in Stealth
 31003 | D:13     | Noticed Maurice
 31018 | D:13     | Killed Maurice
 31321 | D:13     | Found a gate to the Vaults.
 32161 | D:14     | Identified the Catalogue of Freezing Talismans
 32186 | D:14     | Gained mutation: You cannot study or cast Earth magic. [Ru
                  | sacrifice]
 32186 | D:14     | Gained mutation: You cannot study or cast Necromancy magic.
                  | [Ru sacrifice]
 32186 | D:14     | Gained mutation: You cannot study or cast Translocations
                  | magic. [Ru sacrifice]
 32374 | D:14     | Reached skill level 18 in Stealth
 32432 | D:14     | Reached XP level 15. HP: 78/78 MP: 22/26
 32881 | D:14     | Noticed Agnes
 33003 | D:14     | Killed Agnes
 33350 | D:15     | Entered Level 15 of the Dungeon
 33390 | D:15     | Identified Roxanne's Catalogue of Clay
 33390 | D:15     | Noticed Roxanne
 34026 | D:15     | Reached skill level 19 in Stealth
 34288 | D:15     | Found a sparkling altar of Nemelex Xobeh.
 34381 | D:15     | Gained mutation: You are hated by all. [Ru sacrifice]
 34381 | D:15     | Reached ****** piety under Ru
 34804 | D:15     | Found a staircase to the Depths.
 34965 | D:15     | Reached skill level 10 in Fighting
 35242 | D:15     | Identified a scroll of acquirement
 35428 | Swamp:1  | Entered Level 1 of the Swamp
 36666 | Lair:4   | Learned a level 1 spell: Corona
 38166 | Swamp:1  | Reached skill level 20 in Stealth
 39138 | Swamp:1  | Got a sparkling copper ring
 39214 | Swamp:1  | Identified the ring of Activism {+Inv rElec MP+9 Stlth+}
                  | (You found it on level 1 of the Swamp)
 41482 | Swamp:3  | Reached XP level 16. HP: 71/85 MP: 27/30
 42562 | Swamp:4  | Entered Level 4 of the Swamp
 43183 | Swamp:4  | Reached skill level 10 in Spellcasting
 43782 | Swamp:4  | Noticed the 27-headed Lernaean hydra
 44481 | Swamp:4  | Slain by an eight-headed hydra

Illustrated notes

Levels and vault maps discovered:
D:1:      dpeg_arrival_rooms_c, layout_basic, minmay_splitting_lines
D:2:      layout_basic
D:3:      layout_loops_ring, kennysheep_okawaru_gauntlet,
          gammafunk_temple_overflow_elements, first_ration, kennysheep_nub,
          uniq_ijyb
D:4:      minmay_chambers_of_fours, layout_basic, gammafunk_ghost_mausoleum,
          uniq_sigmund
D:5:      layout_cave_pools, old_standard_altar, kennysheep_mini,
          lemuel_crystal_altar, uniq_menkaure, uniq_edmund
D:6:      corexii_shantytown, layout_rooms, minmay_temple_entry_offerings,
          serial_shops, nicolae_shop_trees, minmay_manual_moon
D:7:      cheibrodos_helix_gallery, layout_gridville,
          ebering_ghost_reflecting_pool, nicolae_underground_beach
D:8:      kennysheep_steamy, layout_loops_cross, basic_altar
D:9:      layout_stronghold, dancing_weapons_uskayaw,
          grunt_temple_overflow_open, hangedman_ranch [blue_anna_fruit_fields],
          nicolae_sextant, nrook_guardian_serpent_ordinary
D:10:     layout_basic, lair_entry_dummy, serial_shops, shop
D:11:     layout_long_grid, serial_shops, nicolae_shop_crystal, uniq_grum,
          uniq_erica, uniq_fannar
D:12:     layout_cave_pools, erik_orc_2
D:13:     layout_loops_ring, lightli_vaults_fourway_checkpoint,
          portal_ice_cave_entry_pillars_1, hex_large, uniq_maurice, uniq_jorgrun
D:14:     layout_gridville, small_statue_intersection, uniq_agnes
D:15:     grunt_enter_depths_hoard, layout_layer_cave, basic_altar,
          minmay_stone_trees_medium, uniq_roxanne
Lair:1:   layout_chaotic_city, cheibrodos_lair_reptile_den, grunt_megastairs_4,
          infiniplex_staircase_pool_2
Lair:2:   layout_loops_ring, dummy_spider_entry, lemuel_centaur_altar,
          lemuel_fruit_fields
Lair:3:   layout_misc_corridors, ebering_ghost_rock_garden, serial_bayou_shore_b
Lair:4:   layout_concentric_octagons, skrybe_swamp_entry_bodies, uniq_sonja
Lair:5:   layout_cave_pods, grunt_megastairs_1, serial_bayou_shore_a,
          minmay_lair_oklob_chamber, uniq_nessos, uniq_kirke
Lair:6:   evilmike_catoblepas_cave, layout_loops_ring, slime_altar_1
Swamp:1:  layout_basic_swamp, evilmike_swamp_ruin_house_2, swamp_pool1
Swamp:2:  layout_basic_swamp, serial_swamp_ruin, hangedman_swamp_ruin_wall,
          evilmike_swamp_ruin_house_3, swamp_pool1
Swamp:3:  layout_basic_swamp, evilmike_swamp_ruin_house_6
Swamp:4:  grunt_swamp_rune_castle, layout_basic_swamp
Orc:1:    layout_caves, serial_shops, nicolae_shop_trees, minmay_orc_barracks,
          uniq_erolcha
Orc:2:    grunt_orc_cross, layout_caves, basic_altar

Skill      XL: |  1  2  3  4  5  6  7  8  9 10 11 12 13 14 15 16 |
---------------+-------------------------------------------------+-----
Spellcasting   | 3 4 7 7 9 10 | 10.0
Stealth        | 5 6 9 11 12 12 13 15 18 20 | 20.0
Short Blades   | 2 3 6 7 8 9 9 10 12 15 | 15.0
Fighting       | 3 4 5 6 8 10 | 10.0
Dodging        | 6 7 8 9 12 15 | 15.0
Hexes          | 8 9 8 9 10 11 13 | 13.2
Shields        | 1 3 4 |  4.0

Action                   |  1- 3 |  4- 6 |  7- 9 | 10-12 | 13-15 | 16-18 || total
-------------------------+-------+-------+-------+-------+-------+-------++-------
Melee: Dagger            |   109 |    60 |   435 |   662 |  1839 |   199 ||  3304
       Scimitar          |       |       |       |       |     6 |       ||     6
Throw: Dart              |       |       |     4 |     5 |    21 |       ||    30
 Cast: Corona            |    19 |     4 |     1 |       |     1 |       ||    25
       Ensorcelled Hiber |    20 |    13 |   140 |   211 |   429 |    56 ||   869
       Confusing Touch   |     1 |     1 |    15 |    24 |   121 |    26 ||   188
       Dazzling Flash    |       |       |     1 |     4 |     9 |       ||    14
       Tukima's Dance    |       |       |       |       |     1 |       ||     1
Invok: Sacrifice Artific |       |       |     1 |       |       |       ||     1
       Sacrifice Health  |       |       |     1 |       |       |       ||     1
       Sacrifice Skill   |       |       |       |     1 |       |       ||     1
       Reject Sacrifices |       |       |       |     1 |     1 |       ||     2
       Power Leap        |       |       |       |       |     9 |       ||     9
       Apocalypse        |       |       |       |       |     1 |       ||     1
       Sacrifice Arcana  |       |       |       |       |     1 |       ||     1
       Sacrifice Love    |       |       |       |       |     1 |       ||     1
  Use: Scroll            |       |     4 |     9 |    19 |    13 |     1 ||    46
       Potion            |       |     1 |       |       |     1 |       ||     2
 Stab: Sleeping          |    21 |    16 |   110 |   127 |   246 |    37 ||   557
       Confused          |     1 |     2 |    14 |    24 |    96 |    19 ||   156
       Distracted        |       |     1 |     1 |     5 |    13 |     1 ||    21
       Invisible         |       |       |     1 |    13 |    42 |     9 ||    65
       Paralysed         |       |       |       |     2 |    19 |     1 ||    22
  Eat: Ration            |       |     1 |     3 |     5 |    12 |     2 ||    23
Armor: Robe              |    14 |     8 |    16 |       |    15 |       ||    53
       Troll leather arm |       |       |       |    26 |    37 |       ||    63
       Swamp dragon scal |       |       |       |       |     5 |    32 ||    37
Dodge: Dodged            |    81 |    51 |   229 |   232 |   744 |    98 ||  1435
Block: Buckler           |       |       |     8 |   107 |   292 |    40 ||   447

Table legend:
 A = Non-vault XP
 B = Vault XP
 C = Vault XP percentage of total XP
 D = Non-vault monster count
 E = Vault monster count
 F = Vault count percentage of total count
                 A         B        C        D         E       F
            +---------+---------+-------+---------+---------+-------
      Total |  119819 |   61231 |  33.8 |     698 |     232 |  24.9
            +---------+---------+-------+---------+---------+-------
        D:1 |      60 |       0 |   0.0 |      28 |       0 |   0.0
        D:2 |     164 |       0 |   0.0 |      24 |       0 |   0.0
        D:3 |     317 |      39 |  11.0 |      24 |       3 |  11.1
        D:4 |     239 |     818 |  77.4 |      20 |      11 |  35.5
        D:5 |     478 |     339 |  41.5 |      18 |       2 |  10.0
        D:6 |    1008 |     251 |  19.9 |      32 |      34 |  51.5
        D:7 |    1049 |     402 |  27.7 |      29 |       2 |   6.5
        D:8 |    2856 |     368 |  11.4 |      42 |       2 |   4.5
        D:9 |    2647 |    2496 |  48.5 |      28 |       9 |  24.3
       D:10 |    3784 |     121 |   3.1 |      34 |       1 |   2.9
       D:11 |    5152 |    2153 |  29.5 |      47 |       4 |   7.8
       D:12 |    4275 |     687 |  13.8 |      31 |      21 |  40.4
       D:13 |    3366 |    9270 |  73.4 |      19 |      13 |  40.6
       D:14 |   13675 |    2007 |  12.8 |      36 |       1 |   2.7
       D:15 |   13849 |    1974 |  12.5 |      37 |       2 |   5.1
     Lair:1 |    1799 |    1344 |  42.8 |       9 |       4 |  30.8
     Lair:2 |    5752 |     396 |   6.4 |      17 |       4 |  19.0
     Lair:3 |    4954 |     929 |  15.8 |      17 |       1 |   5.6
     Lair:4 |    4125 |     707 |  14.6 |      20 |       2 |   9.1
     Lair:5 |    2368 |    5059 |  68.1 |      15 |      10 |  40.0
     Lair:6 |    7999 |    7445 |  48.2 |      27 |      17 |  38.6
    Swamp:1 |    8742 |       0 |   0.0 |      33 |       0 |   0.0
    Swamp:2 |   10192 |       0 |   0.0 |      26 |       0 |   0.0
    Swamp:3 |   10553 |       0 |   0.0 |      29 |       0 |   0.0
    Swamp:4 |    7452 |   13806 |  64.9 |      15 |      29 |  65.9
      Orc:1 |     456 |    2040 |  81.7 |      13 |      19 |  59.4
      Orc:2 |    2508 |    6732 |  72.9 |      28 |      33 |  54.1
      IceCv |       0 |    1848 | 100.0 |       0 |       8 | 100.0
            +---------+---------+-------+---------+---------+-------
